 Dungeon Crawl Stone Soup version 0.22-a0-367-gb72a975 (console) character file.

62 vegansnacktivist the Changer (level 4, -1/28 HPs)
             Began as an Octopode Transmuter on Apr 23, 2018.
             Succumbed to an adder's poison
             ... on level 2 of the Dungeon.
             The game lasted 00:02:32 (1838 turns).

vegansnacktivist the Changer (Octopode Transmuter)  Turns: 1838, Time: 00:02:33

Health: -1/28      AC:  2    Str:  9    XL:     4   Next: 8%
Magic:  4/7        EV: 19    Int: 16    God:
Gold:   58         SH:  0    Dex: 17    Spells: 3/7 levels left

rFire    . . .     SeeInvis .     - Unarmed
rCold    . . .     Gourm    .   (shield currently unavailable)
rNeg     . . .     Faith    .   (helmet currently unavailable)
rPois    x         Spirit   .   (no amulet)
rElec    .         Reflect  .   (no ring)
rCorr    .         Harm     .   (no ring)
MR       .....                  (no ring)
Stlth    ++........             (no ring)
HPRegen  0.09/turn              (no ring)
MPRegen  0.10/turn              (no ring)
                                (no ring)
                                (no ring)

@: lethally poisoned (-1 -> -30), spider-form (expiring)
A: tiny, almost no armour, stealthy swim, (amphibious), 8 rings, (constrict 8)
a: End Transformation


You were on level 2 of the Dungeon.
You were not hungry.
You were a venomous arachnid creature.
You visited 1 branch of the dungeon, and saw 2 of its levels.

You collected 58 gold pieces.

Inventory:

Missiles
 a - 27 arrows
Scrolls
 b - 3 scrolls of identify {unknown}
 e - a scroll of remove curse {unknown}
 f - a scroll of immolation {unknown}
Comestibles
 c - 3 rations


   Skills:
 + Level 1.0 Fighting
 - Level 2.0 Dodging
 - Level 3.0 Unarmed Combat
 - Level 2.0 Spellcasting
 - Level 4.2 Transmutations


You had 3 spell levels left.
You knew the following spells:

 Your Spells              Type           Power        Failure   Level  Hunger
a - Beastly Appendage     Tmut           ###...       12%         1    #......
b - Spider Form           Tmut/Pois      #.........   47%         3    ###....


Dungeon Overview and Level Annotations

Branches:
Dungeon (2/15)

Altars:
Ru


Innate Abilities, Weirdness & Mutations

You cannot wear most types of armour.
You are very stealthy in the water. (Stealth+)
((You are amphibious.))
You can wear up to eight rings at the same time.
((You can use your tentacles to constrict eight enemies at once.))
((Your skin changes colour to match your surroundings (Stealth+).))
((Your rubbery body absorbs attacks. (AC +1, EV +1)))


Message History

The adder poisons you! The adder bites you but does no damage.
The adder bites you.
You are more poisoned.
The adder poisons you!
You feel sick.
You feel sick. The adder barely misses you. x2
The adder completely misses you.
You feel sick. The adder bites you.
* * * LOW HITPOINT WARNING * * *
You are more poisoned.
The adder poisons you!
* * * LOW HITPOINT WARNING * * *
You feel sick.
You kill the adder!
You have reached level 4!
Found a club.
You aren't carrying any potions.
You bite the adder!
The adder is severely wounded.
You die...

##.............
#..............
#..............
#..............
##########..............
........................
..#####.........S.......
#....##.........S.......
..##.##.........s......#
.............####.######
....##.......# .#
....##.......# .#
....##.#.##### .#
.<..#..#.. .# ....#.##
.# .......# .) .....#


You could see 2 adders.

Vanquished Creatures
  An adder (D:2)
  2 worms (D:2)
  4 dart slugs
  2 leopard geckos
  2 bats
  3 giant cockroaches (D:1)
  2 hobgoblins
  4 jackals (D:1)
  3 frilled lizards
  4 goblins (D:1)
  6 kobolds
  5 rats
38 creatures vanquished.

Notes
Turn   | Place    | Note
-------+----------+-------------------------------------------
     0 | D:1      | vegansnacktivist the Octopode Transmuter began the quest for the Orb.
     0 | D:1      | Reached XP level 1. HP: 13/13 MP: 3/3
   502 | D:1      | Reached XP level 2. HP: 15/18 MP: 3/5
   513 | D:1      | Reached skill level 3 in Transmutations
   801 | D:1      | Reached XP level 3. HP: 23/23 MP: 6/6
  1241 | D:2      | Learned a level 3 spell: Spider Form
  1494 | D:2      | Reached skill level 4 in Transmutations
  1495 | D:2      | Found a sacrificial altar of Ru.
  1837 | D:2      | HP: 1/23 [poisoned by an adder]
  1837 | D:2      | Reached XP level 4. HP: 1/28 MP: 4/7
  1838 | D:2      | Succumbed to an adder's poison

Vault maps used:
D:1:      lightli_arrival_isolated_outpost
D:2:      nicolae_ru_sacrificial_ziggurat

Skill      XL: |  1  2  3 |
---------------+----------+-----
Transmutations | 3 4 |  4.2
Fighting       | |  1.0
Dodging        | |  2.0
Unarmed Combat | |  3.0
Spellcasting   | |  2.0

Action                   |  1- 3 |  4- 6 || total
-------------------------+-------+-------++-------
Melee: Unarmed           |    91 |     1 ||    92
       Constrict         |    24 |       ||    24
       Tentacles         |    11 |       ||    11
       Kick              |     2 |       ||     2
       Punch             |     2 |       ||     2
 Cast: Beastly Appendage |     5 |       ||     5
       Spider Form       |     2 |       ||     2
 Stab: Sleeping          |     6 |       ||     6
  Eat: Chunk             |     3 |       ||     3
Armor: Skin              |     8 |       ||     8
Dodge: Dodged            |    61 |       ||    61

Table legend:
 A = Spawn XP
 B = Non-spawn XP
 C = Spawn XP percentage of total XP
 D = Spawn monster count
 E = Non-spawn monster count
 F = Spawn count percentage of total count
 G = Total turns spent on level
                    A         B        C        D         E        F      G
               +---------+---------+-------+---------+---------+-------+---------
         Total |       0 |      89 |   0.0 |       0 |      38 |   0.0 |  1838
               +---------+---------+-------+---------+---------+-------+---------
           D:1 |       0 |      52 |   0.0 |       0 |      27 |   0.0 |  1215
           D:2 |       0 |      37 |   0.0 |       0 |      11 |   0.0 |   623
               +---------+---------+-------+---------+---------+-------+---------
